 Dungeon Crawl Stone Soup version 0.29.1-12-g30fa7ad0bf (webtiles) character file.

Game seed: 15502662711047991647

219 hawla the Chiller (level 6, -2/46 HPs)
             Began as a Meteoran Ice Elementalist on Jan 14, 2023.
             Killed by nerve-wracking pain
             ... invoked by Menkaure
              (8 damage)
             ... in an ossuary.
             The game lasted 00:06:12 (1176 turns).

hawla the Chiller (Meteoran Ice Elementalist)       Turns: 1176, Time: 00:06:13

Health: -2/46      AC:  3    Str: 13    XL:     6   Next: 41%
Magic:  17/23      EV: 13    Int: 19    God:
Gold:   117        SH:  0    Dex: 21    Spells: 6/14 levels left

rFire   . . .      SeeInvis .   h - +9 hand axe "Dabydune" {vorpal, Str+4}
rCold   . . .      Faith    .   (no shield)
rNeg    . . .      Spirit   .   a - +0 robe
rPois   .          Reflect  .   (no helmet)
rElec   .          Harm     .   e - +0 cloak
rCorr   .          Rampage  .   (no gloves)
Will    .....                   (no boots)
Stlth   +.........              (no amulet)
HPRegen 0.15/turn               d - +6 ring of dexterity
MPRegen 0.18/turn               g - ring of magical power

@: marked, freezing walls, attractive, very slightly contaminated, glowing
A: sense surroundings 1, otherworldly, glowing, explore regen
a: no special abilities


You were in an ossuary.
You visited 1 branch of the dungeon, and saw 4 of its levels.
You also visited: Ossuary.

You collected 117 gold pieces.

Inventory:

Hand Weapons
 h - the +9 hand axe "Dabydune" (weapon) {vorpal, Str+4}
   (You found it on level 4 of the Dungeon)

   It inflicts extra damage upon your enemies.
   Str:       It affects your strength (+4).
Armour
 a - a +0 robe (worn)
 e - a +0 cloak (worn)
Jewellery
 d - a +6 ring of dexterity (left hand)
 g - a ring of magical power (right hand)
Potions
 b - a potion of magic
 c - 3 potions of degeneration


   Skills:
 - Level 0.6 Fighting
 + Level 2.7 Axes
 - Level 2.7 Dodging
 - Level 1.4 Stealth
 - Level 4.8 Spellcasting
 + Level 0.5 Conjurations
 - Level 5.7 Ice Magic


You had 6 spell levels left.
You knew the following spells:

 Your Spells              Type           Power      Damage    Failure   Level
a - Freeze                Ice            100%       1d11      1%          1
b - Frozen Ramparts       Ice            52%        1d8       3%          3
c - Hailstorm             Conj/Ice       16%        3d6       34%         4

Your spell library contained the following spells:

 Spells                   Type           Power      Damage    Failure   Level
 Ozocubu's Armour         Ice            26%        N/A       3%          3
 Gell's Gravitas          Tloc           4%         N/A       36%         3
 Lesser Beckoning         Tloc           4%         N/A       36%         3
 Teleport Other           Tloc           4%         N/A       36%         3


Dungeon Overview and Level Annotations

Branches:
Dungeon (4/15) Zot: 1501  Ossuary (1/1) Zot: 302
 Temple: D:4-7

Altars:
Elyvilon
Uskayaw

Shops:
D:4 [

Annotations:
Ossuary Menkaure


Innate Abilities, Weirdness & Mutations

You passively map a small area around you.
You are easily found by Zot.
You glow in the dark.
You regain HP and MP as you explore.


Message History

No target in view!
A mummy comes into view.
You barely miss the mummy. You slash the mummy!
The mummy is severely damaged.
You hit the mummy.
You destroy the mummy!
Menkaure, Prince of Dust comes into view.
Casting: Hailstorm (quite dangerous; 34% risk of failure)
Confirm with . or Enter, or press ? or * to list all spells.
Casting: Frozen Ramparts (dangerous; 3% risk of failure)
Press: ? - help, Dir - look around, f - activate The walls around you are covered in ice.
Menkaure calls on the powers of darkness!
Your body is wracked with pain!
Casting: Frozen Ramparts (dangerous; 3% risk of failure)
Confirm with . or Enter, or press ? or * to list all spells.
The spell is quite dangerous to miscast (34% risk of failure)!
Continue anyway?
Casting: Hailstorm (quite dangerous; 34% risk of failure)
Press: ? - help, Dir - look around, f - activate You miscast Hailstorm.
You are very lightly contaminated with residual magic.
You are caught in a violent explosion!
* * * LOW HITPOINT WARNING * * *
Unknown command.
Really quaff the potion of attraction?
You feel attractive to monsters.
Menkaure resists.
The wall freezes Menkaure.
Menkaure calls on the powers of darkness!
Your body is wracked with pain!
* * * LOW HITPOINT WARNING * * *
Menkaure is attracted toward you.
Menkaure pulls the alarm!
The alarm trap emits a blaring wail!
A sentinel's mark forms upon you.
You slash Menkaure!
Menkaure is severely damaged.
Menkaure resists.
The wall freezes Menkaure.
Menkaure points at you and mumbles some strange words.
Pain shoots through your body!
You die...

..## , *, ##..##..## .## ^
*..##..##..## ## , *
#..##..##..## # * ,,
#..##..##..## * ,,
,*#..##..##..## , * ∩
#..##..##..## *, , ,
#§.##..##..## , , *#M.##..##..##
* * ***' #@.##..##..## , ,, , ,
##..##..##..##
##################..##..##..##
.....................##..##..##
########################..##..##
...........................##∩∩#
################################


You could see Menkaure.

Vanquished Creatures
  A hound (D:4)
  An orc priest (D:4)
  An orc wizard (D:4)
  3 mummies
  4 adders (D:2)
  An orc (D:4)
  3 ball pythons
  2 endoplasms
  2 giant cockroaches
  4 gnoll zombies (Ossuary)
  5 goblins
  4 hobgoblins
  A quokka (D:3)
  2 bats
  A frilled lizard (D:1)
  4 gnoll skeletons (Ossuary)
  4 goblin skeletons (Ossuary)
  8 goblin zombies (Ossuary)
  4 hobgoblin skeletons (Ossuary)
  5 hobgoblin zombies (Ossuary)
  3 kobold skeletons (Ossuary)
  2 kobold zombies (Ossuary)
  3 orc skeletons (Ossuary)
  3 orc zombies (Ossuary)
  4 rat skeletons (Ossuary)
  A rat zombie (Ossuary)
76 creatures vanquished.

Notes
Turn   | Place    | Note
-------+----------+-------------------------------------------
     0 | D:1      | hawla the Meteoran Ice Elementalist began the quest for the
                  | Orb.
     0 | D:1      | Reached XP level 1. HP: 14/14 MP: 5/5
    86 | D:1      | Reached XP level 2. HP: 12/20 MP: 3/6
   222 | D:2      | Found a faded altar of an unknown god.
   419 | D:2      | Reached XP level 3. HP: 26/26 MP: 5/8
   423 | D:2      | Learned a level 3 spell: Frozen Ramparts
   448 | D:2      | Reached skill level 5 in Ice Magic
   547 | D:2      | Reached XP level 4. HP: 28/33 MP: 3/10
   559 | D:2      | Found a hide-covered altar of Uskayaw.
   624 | D:4      | Found a white marble altar of Elyvilon.
   693 | D:4      | Reached XP level 5. HP: 20/39 MP: 5/12
   807 | D:4      | Learned a level 4 spell: Hailstorm
   831 | D:4      | Found Beteavvo's Armour Shop.
   859 | D:4      | Identified the +9 hand axe "Dabydune" {vorpal, Str+4}
   888 | D:4      | Found a sand-covered staircase.
   895 | D:4      | Reached XP level 6. HP: 40/46 MP: 14/14
   899 | Ossuary  | Entered an ossuary
   931 | Ossuary  | Reached skill level 1 in Axes
  1169 | Ossuary  | Noticed Menkaure
  1176 | Ossuary  | Killed from afar by Menkaure

Illustrated notes

Levels and vault maps discovered:
D:1:      psy_arrival_radial02, layout_basic
D:2:      layout_basic, basic_altar, nicolae_ecumenical_pavilion,
          chequers_serial_rivers_small_b, kennysheep_generic_room_13
D:3:      layout_rooms, nicolae_overflow_hidden_temple,
          gammafunk_ghost_mausoleum
D:4:      layout_basic, lemuel_crystal_altar, gup_ossuary_entry_pyramid,
          serial_shops, nicolae_shop_behind_doors
Ossuary:  ossuary_due_pyramid

Skill      XL: |  1  2  3  4  5  6 |
---------------+-------------------+-----
Spellcasting   | 3 4 |  4.8
Ice Magic      | 5 |  5.7
Axes           | 2 |  2.7
Fighting       | |  0.6
Dodging        | |  2.7
Stealth        | |  1.4
Conjurations   | |  0.5

Action                   |  1- 3 |  4- 6 || total
-------------------------+-------+-------++-------
Melee: Unarmed           |     2 |       ||     2
       Hand axe          |       |    89 ||    89
       Punch             |       |     1 ||     1
 Cast: Freeze            |    24 |    12 ||    36
       Frozen Ramparts   |     1 |     9 ||    10
       Hailstorm         |       |     1 ||     1
  Use: Scroll            |       |     2 ||     2
       Potion            |       |     5 ||     5
Armor: Robe              |    11 |    18 ||    29
Dodge: Dodged            |     6 |    43 ||    49
